 Dungeon Crawl Stone Soup version 0.30-a0-457-g4b7bca3bfa (webtiles) character file.

Game seed: 2769056420805394594

8 ytrimaz the Gusty (level 2, -1/15 HPs)
             Began as a Deep Elf Air Elementalist on Dec 13, 2022.
             Slain by a hobgoblin (2 damage)
             ... on level 1 of the Dungeon.
             The game lasted 00:00:52 (352 turns).

ytrimaz the Gusty (Deep Elf Air Elementalist)        Turns: 352, Time: 00:00:52

Health: -1/15      AC:  2    Str:  5    XL:     2   Next: 0%
Magic:  7/8        EV:  9    Int: 19    God:
Gold:   16         SH:  0    Dex: 15    Spells: 6/7 levels left

rFire   . . .      SeeInvis .    (no weapon)
rCold   . . .      Faith    .    (no shield)
rNeg    . . .      Spirit   .    a - +0 robe
rPois   .          Reflect  .    (no helmet)
rElec   .          Harm     .    (no cloak)
rCorr   .          Rampage  .    (no gloves)
Will    .....                    (no boots)
Stlth   ++........               (no amulet)
HPRegen 0.22/turn                (no ring)
MPRegen 0.11/turn                (no ring)

@: constricted
A: no striking features
a: no special abilities


You were on level 1 of the Dungeon.
You visited 1 branch of the dungeon, and saw 1 of its levels.

You collected 16 gold pieces.


   Skills:
 - Level 2.4 Dodging
 - Level 2.4 Stealth
 - Level 3.0 Spellcasting
 + Level 2.1 Conjurations
 - Level 3.0 Air Magic


You had 6 spell levels left.
You knew the following spells:

 Your Spells              Type           Power      Damage    Failure   Level
a - Shock                 Conj/Air       48%        1d6       5%          1

Your spell library contained the following spells:

 Spells                   Type           Power      Damage    Failure   Level
 Static Discharge         Conj/Air       24%        2-3/arc   8%          2
 Swiftness                Air            14%        N/A       13%         3
 Airstrike                Air            7%         2d(1-17)  41%         4

Inventory:

Armour
 a - a +0 robe (worn)
Scrolls
 c - 2 scrolls of identify {unknown}
 d - a scroll of teleportation {unknown}

Dungeon Overview and Level Annotations

Branches:
Dungeon (1/15) Zot: 5647

Altars:

#.# .# ##.# #.. ##..#
#.# ####...### #.#
##........###.#
#..#....#..##.#
#..##....##..#.#
#..#......#....#
#.##..##.@##...#######
#.#..####Sg#..........
#.#.. #..#.#.####### .
##. ..##..>###.# . #.
(.#........#
..##..#.#####
†.#........#
.....###.##.#
......#.##.#.#


You could see a hobgoblin and a ball python.


Message History

The zap hits the hobgoblin.
The hobgoblin shouts! 😎 MP[-1]
You lost 1 mp, and now have 5/6 mp.
The zap hits the hobgoblin.
You kill the hobgoblin!
You have reached level 2! 😎 HP[+5]
You now have 15 max hp (+5).
Your hp is fully restored (15).
A ball python comes into view.
A ball python is nearby!
A ball python is nearby!
Unknown command.
The zap misses the ball python.
The ball python hisses angrily.
You hear a shout! 😎 MP[-1]
You lost 1 mp, and now have 4/8 mp.
The zap hits the ball python. 😎 MP[-1]
You lost 1 mp, and now have 3/8 mp.
Unknown command.
You can't see any susceptible monsters within range! (Use Z to cast anyway.)
A hobgoblin comes into view.
There are monsters nearby!
There are monsters nearby!
Unknown command.
The zap misses the ball python.
The zap hits the ball python. 😎 MP[-1]
You lost 1 mp, and now have 2/8 mp.
Unknown command.
The zap misses the ball python.
The ball python bites you but does no damage.
The ball python misses you. The ball python closely misses you.
The ball python barely misses you. 😎 MP[-1]
You lost 1 mp, and now have 1/8 mp.
The zap misses the ball python.
The zap hits the hobgoblin.
The ball python bites you. The ball python grabs you.
The ball python constricts you. 😮 HP[-4] MP[-1]
You take 4 damage, and now have 11/15 hp.
MASSIVE DAMAGE!! (PAUSE)
You lost 1 mp, and now have 0/8 mp.
You are too injured to fight recklessly!
Unknown command.
You closely miss the ball python.
The ball python bites you but does no damage.
The ball python constricts you.
You closely miss the ball python. The ball python bites you.
The ball python constricts you. 😮 HP[-2]
You take 2 damage, and now have 9/15 hp.
Unknown command.
You hit the ball python but do no damage.
The ball python bites you but does no damage.
The ball python constricts you. The hobgoblin hits you.
You hit the ball python.
The ball python bites you but does no damage.
The ball python constricts you. The ball python barely misses you.
The ball python constricts you. The hobgoblin misses you.
Unknown command.
You hit the ball python. The ball python closely misses you.
The ball python constricts you. The hobgoblin closely misses you.
You hit the ball python but do no damage.
The ball python bites you. The ball python constricts you.
The hobgoblin hits you.
* * * LOW HITPOINT WARNING * * *
Unknown command. 😨 HP[-4] MP[+1]
You take 4 damage, and now have 5/15 hp.
MASSIVE DAMAGE!! (PAUSE)
You closely miss the hobgoblin.
The ball python bites you but does no damage.
The ball python constricts you.
The hobgoblin completely misses you. 😨 HP[+1]
You hit the hobgoblin but do no damage. The ball python closely misses you.
The ball python constricts you. The hobgoblin barely misses you.
Unknown command.
Magic courses through your body. The ball python barely misses you.
The ball python constricts you.
* * * LOW HITPOINT WARNING * * *
The ball python bites you but does no damage.
The ball python constricts you.
* * * LOW HITPOINT WARNING * * *
The hobgoblin hits you.
* * * LOW HITPOINT WARNING * * *
😱 HP[-3] MP[+7]
You take 3 damage, and now have 3/15 hp.
Your mp is fully restored (8).
Unknown command.
Aiming: Shock (safe; 5% risk of failure)
Press: ? - help, Q - select action Shift-Dir - straight line, f/p - ball python
Aim: a ball python (severely wounded, constricting you, 64% to hit)
The zap misses the ball python.
The ball python bites you.
* * * LOW HITPOINT WARNING * * *
The ball python constricts you. The hobgoblin hits you.
You die...

Skill      XL: |  1 |
---------------+----+-----
Conjurations   | 2 |  2.1
Dodging        | |  2.4
Stealth        | |  2.4
Spellcasting   | |  3.0
Air Magic      | |  3.0

Action                   || total
-------------------------++-------
Melee: Unarmed           ||     8
 Cast: Shock             ||    21
  Use: Potion            ||     1
Armor: Robe              ||     6
Dodge: Dodged            ||    11

Levels and vault maps discovered:
D:1:      erik_arrival_orb_chamber, layout_basic, minmay_misc_feat_iff,
          nicolae_titane

Notes
Turn   | Place    | Note
-------+----------+-------------------------------------------
     0 | D:1      | ytrimaz the Deep Elf Air Elementalist began the quest for
                  | the Orb.
     0 | D:1      | Reached XP level 1. HP: 10/10 MP: 6/6
     0 | D:1      | magus.rc [v1.9.6]
   281 | D:1      | Reached skill level 2 in Conjurations
   332 | D:1      | Reached XP level 2. HP: 15/15 MP: 5/8
   351 | D:1      | HP: 3/15 [hobgoblin (1)]
   352 | D:1      | HP: 1/15 [ball python (2)]
   352 | D:1      | Slain by a hobgoblin

Vanquished Creatures
  A bat (D:1)
  An endoplasm (D:1)
  3 goblins (D:1)
  A hobgoblin (D:1)
  A ball python (D:1)
7 creatures vanquished.

Table legend:
 A = Non-vault XP
 B = Vault XP
 C = Vault XP percentage of total XP
 D = Non-vault monster count
 E = Vault monster count
 F = Vault count percentage of total count
                 A         B        C        D         E       F
            +---------+---------+-------+---------+---------+-------
      Total |      12 |       0 |   0.0 |       7 |       0 |   0.0
            +---------+---------+-------+---------+---------+-------
        D:1 |      12 |       0 |   0.0 |       7 |       0 |   0.0
            +---------+---------+-------+---------+---------+-------

Illustrated notes

Table legend:
 A = Kills in this place as a percentage of kills in entire the game.
 B = Kills by you in this place as a percentage of kills by you in the entire game.
 C = Kills by friends in this place as a percentage of kills by friends in the entire game.
 D = Other kills in this place as a percentage of other kills in the entire game.
 E = Experience gained in this place as a percentage of experience gained in the entire game.
 F = Experience gained in this place divided by the number of levels of this place that you have seen.
                   A       B       C       D       E      F
               +-------+-------+-------+-------+-------+----------------------
         Total | 100.0 | 100.0 |   N/A |   N/A | 100.0 |  12.0
       Dungeon | 100.0 | 100.0 |   N/A |   N/A | 100.0 |  12.0
               +-------+-------+-------+-------+-------+----------------------

Table legend: (Time is in decaauts)
 A = Elapsed time spent in this place.
 B = Non-inter-level travel time spent in this place.
 C = Inter-level travel time spent in this place.
 D = Time resting spent in this place.
 E = Time spent auto-exploring this place.
 F = Levels seen in this place.
 G = Mean time per level.
                   A        B        C        D        E       F      G
               +--------+--------+--------+--------+--------+-----+--------+
         Total |    352 |    352 |      0 |    147 |    154 |   1 |  352.0 |
       Dungeon |    352 |    352 |      0 |    147 |    154 |   1 |  352.0 |
               +--------+--------+--------+--------+--------+-----+--------+

Top non-repeatable levels by time:
     D:1: 352 daAuts
